Map: Triton LE

Players

ViBE - Winner!

  • Race: Terran Terran
  • League: Diamond
  • Spawn Location: 11:00

Kencorp

  • Race: Terran Terran
  • League: Diamond
  • Spawn Location: 5:00

VOD

Have the link to the VOD?

Description

Time

  • Played on: Dec. 23, 2019, 12:22 a.m.
  • Length: 11:31
Show
View Real Time Build Order
Export as new Build Order

ViBE Terran - Winner!

Build Orders: Reaper Expand, Mech 

Get SALT Encoding   

  12  0:01  SCV  
  13  0:14  SCV  
  13  0:17  Supply Depot  
  14  0:26  SCV  
  15  0:39  SCV  
  15  0:41  Barracks  
  16  0:45  Refinery  
  16  0:51  SCV  
  17  1:03  SCV  
  18  1:15  SCV  
  19  1:28  Orbital Command  
  19  1:30  Reaper  
  20  1:42  Command Center  
  20  2:00  Supply Depot  
  20  2:01  SCV  
  21  2:09  Factory  
  21  2:11  Refinery  
  21  2:16  SCV  
  22  2:28  SCV  
  23  2:36  Barracks Tech Lab  
  23  2:40  SCV  
  24  2:48  Supply Depot  
  24  2:52  SCV  
  25  3:00  Orbital Command  
  25  3:03  Supply Depot  
  25  3:04  SCV, Cyclone  
  29  3:13  Starport  
  29  3:16  SCV, Barracks Tech Lab  
  30  3:29  SCV  
  30  3:31  SCV  
  32  3:41  SCV, Siege Tank  
  36  3:48  SCV  
  36  3:53  SCV, Factory  
  38  4:00  SCV  
  39  4:05  SCV  
  40  4:13  SCV, Hellion  
  40  4:16  Command Center  
  43  4:17  SCV  
  44  4:25  SCV  
  44  4:28  Raven  
  44  4:29  SCV  
  48  4:33  Refinery x2  
  48  4:37  SCV  
  49  4:41  SCV, Supply Depot x2  
  50  4:49  SCV  
  50  4:51  Siege Tank  
  53  4:53  SCV  
  54  5:01  SCV, Barracks Reactor  
  54  5:05  SCV  
  56  5:13  SCV  
  57  5:16  Command Center  
  57  5:17  SCV  
  58  5:22  Siege Tank  
  58  5:26  SCV  
  58  5:28  Orbital Command  
  62  5:30  SCV  
  62  5:32  Supply Depot  
  62  5:33  Engineering Bay  
  63  5:48  Viking x2  
  63  5:49  SCV x2, Factory x2, Orbital Command  
  69  5:58  Siege Tank  
  69  6:01  SCV x2  
  74  6:11  Sensor Tower  
  74  6:13  SCV x2  
  74  6:15  SCV  
  77  6:23  Siege Tank  
  77  6:25  SCV x2  
  82  6:27  SCV  
  83  6:37  SCV x2, Orbital Command  
  83  6:38  Factory Reactor  
  83  6:39  Factory Reactor, Factory  
  85  6:44  SCV  
  86  6:48  Viking  
  86  6:49  SCV x2  
  90  7:02  SCV  
  90  7:03  SCV x2  
  90  7:05  Refinery  
  90  7:06  Refinery  
  90  7:07  Supply Depot  
  90  7:08  Supply Depot x2  
  93  7:09  Supply Depot, Siege Tank  
  96  7:17  SCV  
  96  7:18  SCV x2, Orbital Command  
  99  7:25  Factory Tech Lab  
  99  7:28  Factory  
  99  7:29  Hellion x4, Command Center  
  109  7:30  Viking, Hellion  
  109  7:31  SCV x2, Viking  
  109  7:32  SCV  
  116  7:37  Supply Depot  
  116  7:39  Supply Depot  
  116  7:43  SCV  
  116  7:44  SCV x3  
  119  7:48  Siege Tank x2  
  126  7:55  SCV  
  126  7:56  SCV x3  
  130  7:59  Refinery  
  130  8:00  Refinery  
  130  8:01  Sensor Tower  
  129  8:08  SCV x4  
  125  8:13  Factory Tech Lab  
  123  8:20  SCV x3  
  123  8:21  SCV  
  123  8:22  Sensor Tower  
  123  8:26  Viking x2  
  131  8:32  Starport x2  
  131  8:33  Sensor Tower  
  135  8:36  Armory  
  135  8:38  Armory  
  131  8:57  Hellion x4, Siege Tank x3  
  131  9:00  Hellion  
  150  9:12  Planetary Fortress  
  150  9:20  Refinery  
  150  9:22  Supply Depot x4, Missile Turret  
  150  9:24  Supply Depot  
  150  9:27  Terran Ship Weapons Level 1, Refinery, Terran Vehicle Weapons Level 1  
  150  9:28  Hellion x2  
  150  9:29  Starport Reactor x2, Hellion x2  
  150  9:31  Siege Tank x2  
  164  9:34  Siege Tank  
  165  9:58  Viking  
  165  9:59  Viking  
  169  10:06  Siege Tank x3  
  178  10:07  Siege Tank  
  178  10:08  Hellion x4  
  164  10:27  Viking x4  
  156  10:28  Viking  
  156  10:29  Viking, Hellion x3  
  166  10:38  Hellion, Siege Tank x3  
  166  10:40  Hellion  
  179  10:50  Hellion  
  179  10:51  Hellion  
  183  10:57  Viking x2  
  183  11:01  Command Center  
Show
View Real Time Build Order
Export as new Build Order

Kencorp Terran 

Build Orders: Reaper Expand, Mech 

Get SALT Encoding   

  12  0:00  SCV  
  13  0:13  SCV  
  14  0:17  Supply Depot  
  14  0:25  SCV  
  15  0:38  SCV  
  15  0:40  Barracks  
  16  0:44  Refinery  
  16  0:51  SCV  
  17  1:03  SCV  
  18  1:15  SCV  
  19  1:29  Orbital Command  
  19  1:30  Reaper  
  20  1:46  Supply Depot  
  20  1:50  Command Center  
  20  2:03  SCV  
  20  2:05  Reaper  
  22  2:12  Refinery  
  22  2:22  SCV  
  23  2:29  Factory  
  24  2:37  SCV  
  23  2:47  Command Center  
  23  2:49  SCV, Barracks Reactor  
  24  3:01  SCV  
  24  3:02  Orbital Command  
  25  3:13  SCV  
  25  3:14  Factory Tech Lab  
  26  3:25  Marine x2, SCV  
  29  3:30  SCV  
  30  3:37  SCV  
  30  3:40  Cyclone  
  34  3:42  SCV  
  35  3:49  Marine, Starport, SCV  
  35  3:52  Marine  
  38  3:58  SCV  
  38  4:01  Orbital Command  
  39  4:07  SCV  
  40  4:18  SCV  
  40  4:19  SCV  
  40  4:21  Refinery  
  42  4:25  Hellion x2  
  42  4:30  SCV  
  47  4:33  Factory  
  47  4:35  SCV x2, Starport Reactor  
  49  4:46  Hellion x2  
  53  4:53  SCV x2  
  53  4:54  SCV  
  56  5:02  Liberator x2  
  56  5:04  Supply Depot  
  56  5:05  SCV x2  
  58  5:09  SCV  
  59  5:17  SCV x2  
  59  5:18  Supply Depot  
  59  5:20  Refinery  
  59  5:21  Hellion  
  69  5:25  SCV  
  70  5:29  SCV, Siege Tank  
  70  5:35  Supply Depot  
  74  5:43  SCV x2  
  74  5:49  SCV, Armory x2  
  77  5:55  Hellion x2  
  81  5:57  SCV  
  81  5:58  Supply Depot  
  81  6:01  SCV  
  81  6:03  Hellion  
  85  6:20  SCV  
  85  6:21  SCV, Factory, Orbital Command  
  85  6:23  Factory  
  85  6:24  Siege Tank  
  90  6:39  SCV x2  
  89  6:40  Hellion  
  89  6:41  Hellion  
  89  6:42  Infernal Pre-Igniter  
  93  6:50  SCV  
  93  6:51  SCV x2  
  96  6:56  Siege Tank  
  96  6:58  Viking x2  
  100  7:02  SCV  
  100  7:07  Terran Vehicle Weapons Level 1  
  101  7:09  SCV x2  
  101  7:14  SCV  
  104  7:21  SCV x2  
  108  7:23  Hellion  
  108  7:25  Factory Tech Lab  
  108  7:26  SCV, Factory Tech Lab  
  108  7:27  Supply Depot x2  
  109  7:32  Command Center  
  109  7:40  Refinery x2  
  109  7:42  Supply Depot  
  109  7:44  SCV x3, Supply Depot, Hellion  
  110  7:45  Supply Depot, Siege Tank  
  110  7:46  Siege Tank  
  110  7:48  Supply Depot  
  119  7:53  Cyclone  
  119  7:56  SCV  
  119  7:57  SCV x2  
  125  7:59  Factory  
  125  8:08  SCV  
  124  8:17  SCV  
  124  8:18  SCV, Siege Tank  
  124  8:19  Hellion x2  
  127  8:20  Viking  
  127  8:21  SCV  
  130  8:30  SCV x2  
  130  8:32  Terran Vehicle And Ship Armor Level 1  
  130  8:33  SCV, Supply Depot  
  133  8:37  Mag-Field Accelerator  
  133  8:38  Cyclone  
  133  8:39  Hellion  
  133  8:40  Hellion  
  140  8:42  SCV x2  
  140  8:43  Factory Reactor  
  140  8:44  Orbital Command  
  142  8:48  SCV, Command Center  
  142  8:51  Viking x2  
  147  9:02  Engineering Bay  
  147  9:06  SCV, Supply Depot  
  147  9:07  SCV  
  149  9:19  Siege Tank  
  149  9:20  Siege Tank  
  155  9:25  Hellion x3  
  155  9:26  Hellion  
  163  9:31  Viking  
  163  9:32  Viking  
  167  9:39  SCV x2  
  169  9:51  Command Center  
  169  9:57  Factory  
  169  10:01  Factory, Viking  
  169  10:02  Factory, Viking  
  172  10:15  Command Center  
  103  10:31  Viking x2  
  103  10:32  Hellion x2  
  103  10:36  SCV x2  
  103  10:53  Siege Tank x2  
  103  10:54  Hellion x2  
  111  11:01  Orbital Command  
Tags
 
Add a new tag
Caveats
  • Supply blocks, unpowered buildings, or Contaminate may cause inaccurate times.
  • Supply counts are checked every 10 seconds.